 Dungeon Crawl Stone Soup version 0.27-a0-789-g6bb3289e1e (webtiles) character file.

Game seed: 14746664693473909222

49 robertstho the Magician (level 3, -4/28 HPs)
             Began as a Djinni Ice Elementalist on Mar 26, 2021.
             Killed by divine providence
             ... invoked by an orc priest
              (15 damage)
             ... on level 3 of the Dungeon.
             The game lasted 00:03:17 (2914 turns).

robertstho the Magician (Djinni Ice Elementalist)   Turns: 2914, Time: 00:03:18

Health: -4/28      AC:  2    Str:  7    XL:     3   Next: 75%
Gold:   130        EV: 12    Int: 17    God:
                   SH:  0    Dex: 13

rFire    + + .     SeeInvis .   h - +0 dagger (venom)
rCold    x . .     Faith    .   (no shield)
rNeg     . . .     Spirit   .   a - +0 robe
rPois    ∞         Reflect  .   (no helmet)
rElec    .         Harm     .   (no cloak)
rCorr    .         Rampage  .   (no gloves)
Will     .....                  (boots unavailable)
Stlth    ++........             (no amulet)
HPRegen  0.09/turn              (no ring)
MPRegen  0.00/turn              (no ring)

@: frozen ramparts, flying
A: fire resistance 2, cold vulnerability 1, float, innate caster, hp casting,
extra vitality 1
a: no special abilities


You were on level 3 of the Dungeon.
You visited 1 branch of the dungeon, and saw 3 of its levels.

You collected 130 gold pieces.

Inventory:

Hand Weapons
 g - a +0 dagger
 h - a +0 dagger of venom (weapon)
Armour
 a - a +0 robe (worn)
Wands
 m - a wand of mindburst (3)
Scrolls
 c - a scroll of acquirement {unknown}
 d - 2 scrolls of teleportation {unknown}
 f - 2 scrolls of fog {unknown}
 j - a scroll of amnesia {unknown}
Potions
 b - a potion of attraction
 e - a potion of haste {unknown}
 i - 2 potions of curing {unknown}
 k - a potion of cancellation


   Skills:
 * Level 1.9 Fighting
 + Level 2.1 Dodging
 - Level 1.5 Stealth
 + Level 0.1 Unarmed Combat
 * Level 4.2 Spellcasting


You couldn't memorise any spells.
You knew the following spells:

 Your Spells              Type           Power      Damage    Failure   Level
a - Freeze                Ice            72%        1d9       2%          1
b - Frozen Ramparts       Ice            36%        1d5       8%          3
c - Ozocubu's Armour      Ice            18%        N/A       8%          3
d - Hailstorm             Conj/Ice       18%        3d6       26%         4
e - Summon Ice Beast      Ice/Summ       18%        N/A       26%         4
f - Pain                  Necr           72%        1d7       2%          1
Your spell library was empty.

Dungeon Overview and Level Annotations

Branches:
Dungeon (3/15)

Altars:
Trog

Annotations:
D:3 Natasha


Innate Abilities, Weirdness & Mutations

You are immune to poison.
Your flesh is very heat resistant. (rF++)
You are vulnerable to cold. (rC-)
You float through the air rather than walking.
You learn spells naturally, not from books.
Your magical power is your life essence.
You have superior vitality. (+4 HP)


Message History

t - Shout!
Orders for allies: a - Attack new target. r - Retreat! s - Stop attacking. g - Guard the area. f - Follow me.
Anything else - Cancel.
You shout for attention!
An orc comes into view. It is wielding a +0 flail. x2
A giant cockroach comes into view.
Natasha wildly gestures.
Natasha's front paws start to glow.
The white imp gestures at you. The puff of frost hits you!
You feel a terrible chill!
Casting: Frozen Ramparts (quite dangerous; 8% risk of failure)
Confirm with . or Enter, or press ? or * to list all spells.
The spell is quite dangerous to cast (8% risk of failure)!
Continue anyway? [Y]es or [N]o only, please.
The spell is quite dangerous to cast (8% risk of failure)!
Continue anyway?
Casting: Frozen Ramparts (quite dangerous; 8% risk of failure)
Press: ? - help, Dir - look around, f - activate The walls around you are covered in ice.
Unknown command.
What are your orders? t - Shout!
Orders for allies: a - Attack new target. r - Retreat! s - Stop attacking. g - Guard the area. f - Follow me.
Anything else - Cancel.
You shout for attention!
The wall freezes Natasha. x2; Natasha barely misses you.
Casting: Frozen Ramparts (quite dangerous; 8% risk of failure)
Confirm with . or Enter, or press ? or * to list all spells.
Aiming: Freeze (safe; 2% risk of failure)
Press: ? - help, Shift-Dir - straight line, f - Natasha
Aim: Natasha (moderately wounded)
You freeze Natasha!
Natasha is almost dead.
The orc priest invokes the aid of Beogh against you.
Beogh smites you!
Ouch! That really hurt!
You die...

#.........# #.........#
#.........# #.........#
#.........# #.....(...#
#.........#
######......)..#
##.....#####@h.##
##.......## ###B###
#.........# #...#
#.........# #h#o#
#.........# #.#..#
#..<......# .......
#.........###..........
#...........#.....ooo....
#.........#.............#


You could see an orc priest, Natasha and a giant cockroach.

Vanquished Creatures
  An adder (D:2)
  A dart slug (D:2)
  6 bats
  2 endoplasms (D:1)
  A giant cockroach (D:1)
  2 goblins
  3 hobgoblins
  5 jackals
  5 frilled lizards
  5 kobolds
  6 rats
37 creatures vanquished.

Notes
Turn   | Place    | Note
-------+----------+-------------------------------------------
     0 | D:1      | robertstho the Djinni Ice Elementalist began the quest for
                  | the Orb.
     0 | D:1      | Reached XP level 1. HP: 15/15 MP: 0/0
   639 | D:1      | Reached XP level 2. HP: 22/22 MP: 0/0
   850 | D:1      | Reached skill level 4 in Spellcasting
  1109 | D:1      | Reached skill level 1 in Fighting
  1256 | D:1      | Reached XP level 3. HP: 9/27 MP: 0/0
  1256 | D:1      | Learned a level 1 spell: Pain
  2662 | D:2      | Found a bloodstained altar of Trog.
  2904 | D:3      | Noticed Natasha
  2914 | D:3      | Killed from afar by an orc priest

Illustrated notes

Levels and vault maps discovered:
D:1:      dpeg_arrival_radiant, layout_basic, grunt_decor_arrowhead,
          minmay_pentomino_q4
D:2:      minmay_recursive_quarters, layout_basic,
          nicolae_overflow_hidden_temple
D:3:      layout_rooms, gammafunk_temple_overflow_claw, uniq_natasha,
          uniq_robin, uniq_crazy_yiuf_cottage

Skill      XL: |  1  2 |
---------------+-------+-----
Spellcasting   | 4 |  4.2
Fighting       | 1 |  1.9
Dodging        | |  2.1
Stealth        | |  1.5
Unarmed Combat | |  0.1

Action                   || total
-------------------------++-------
Melee: Unarmed           ||    15
       Dagger            ||    38
       Punch             ||     1
 Cast: Freeze            ||    32
       Frozen Ramparts   ||     3
  Use: Scroll            ||     3
 Stab: Sleeping          ||     2
Armor: Robe              ||    25
Dodge: Dodged            ||    62

Table legend: (Time is in decaauts)
 A = Elapsed time spent in this place.
 B = Non-inter-level travel time spent in this place.
 C = Inter-level travel time spent in this place.
 D = Time resting spent in this place.
 E = Time spent auto-exploring this place.
 F = Levels seen in this place.
 G = Mean time per level.
                   A        B        C        D        E       F      G
               +--------+--------+--------+--------+--------+-----+--------+
         Total |   2912 |   2829 |     83 |    438 |   2128 |   3 |  970.7 |
       Dungeon |   2912 |   2829 |     83 |    438 |   2128 |   3 |  970.7 |
               +--------+--------+--------+--------+--------+-----+--------+

Top non-repeatable levels by time:
     D:1: 1682 daAuts
     D:2: 1189 daAuts
     D:3: 40 daAuts
